 Dungeon Crawl Stone Soup version 0.25-b1-23-ge2ad7d536c (webtiles) character file.

Game seed: 13360792512809782049, levelgen mode: deterministic

889 inmateoo the Poker (level 7, 0/62 HPs)
             Began as a Minotaur Fighter on June 2, 2020.
             Was a Believer of Okawaru.
             Slain by a wyvern skeleton (6 damage)
             ... on level 6 of the Dungeon.
             The game lasted 00:03:55 (3459 turns).

inmateoo the Poker (Minotaur Fighter)               Turns: 3459, Time: 00:03:55

Health: 0/62       AC: 12    Str: 23    XL:     7   Next: 77%
Magic:  6/6        EV:  6    Int:  5    God:    Okawaru [**....]
Gold:   176        SH: 10    Dex:  9    Spells: 6/6 levels left

rFire    . . .     SeeInvis .   a - +0 trident
rCold    . . .     Gourm    .   c - +0 kite shield
rNeg     . . .     Faith    .   g - +0 plate armour
rPois    .         Spirit   .   (helmet restricted)
rElec    .         Reflect  .   (no cloak)
rCorr    .         Harm     .   (no gloves)
MR       .....                  (no boots)
Stlth    ..........             (no amulet)
HPRegen  0.20/turn              (no ring)
MPRegen  0.10/turn              (no ring)

@: slowed, very slow
A: retaliatory headbutt, horns 2
a: Heroism, Renounce Religion


You were on level 6 of the Dungeon.
You worshipped Okawaru.
Okawaru was pleased with you.
You were not hungry.

You visited 1 branch of the dungeon, and saw 5 of its levels.

You collected 176 gold pieces.

Inventory:

Hand Weapons
 a - a +0 trident (weapon)
 m - a +2 short sword of venom
Missiles
 e - 7 boomerangs (quivered)
Armour
 c - a +0 kite shield (worn)
 g - a +0 plate armour (worn)
Scrolls
 b - a scroll of remove curse
 h - a scroll of teleportation
 k - a scroll of fog {unknown}
Potions
 i - 2 potions of curing
 j - 2 potions of ambrosia
Comestibles
 f - 3 rations


   Skills:
 + Level 5.8 Fighting
 * Level 6.7 Polearms
 + Level 5.6 Armour
 + Level 3.0 Dodging
 + Level 5.7 Shields


You had 6 spell levels left.
You didn't know any spells.
Your spell library contained the following spells:

 Spells                   Type           Power        Failure   Level  Hunger
 Confusing Touch          Hex            #.......     100%        3    ####...
 Gell's Gravitas          Tloc           #.........   100%        3    ####...
 Petrify                  Tmut/Erth      #.......     100%        4    #####..
 Metabolic Englaciation   Hex/Ice        #.........   100%        5    ######.
 Yara's Violent Unravell  Hex/Tmut       #.........   100%        5    ######.


Dungeon Overview and Level Annotations

Branches:
Dungeon (4/15)
 Temple: D:4-7

Altars:
Kikubaaqudgha
Okawaru
Trog


Innate Abilities, Weirdness & Mutations

You reflexively headbutt those who attack you in melee.
You have a pair of horns on your head.


Message History

You puncture the quokka skeleton!
You destroy the quokka skeleton!
Okawaru accepts your kill. The wyvern skeleton bites you!
* * * LOW HITPOINT WARNING * * *
You puncture the wyvern skeleton! You headbutt the wyvern skeleton!
The wyvern skeleton is heavily damaged.
The wyvern skeleton bites you.
* * * LOW HITPOINT WARNING * * *
The wyvern skeleton bites you!
* * * LOW HITPOINT WARNING * * *
You hit the wyvern skeleton. You headbutt the wyvern skeleton.
The wyvern skeleton is severely damaged.
The wyvern skeleton bites you but does no damage.
You block the wyvern skeleton's attack.
You hit the wyvern skeleton.
Your headbutt misses the wyvern skeleton.
The wyvern skeleton is almost destroyed.
The wyvern skeleton bites you.
You die...

+.....# #.### #.#
#.....### #...# #.#
+.......# #...# #.#
#.......#####...# #.#
+..........)'...# #.#
##.....######...#####.#
#.....# #.))..'.....#
#.....# #.#...#######
####### #@##### #Z#
########Z########
.l......Z........
.................
.................
.o...............
.................
..[..........(...


You could see an adder skeleton, a bullfrog skeleton and a wyvern skeleton.

Vanquished Creatures
  An orc warrior (D:6)
  A phantom (D:3)
  2 centaurs
  A crimson imp (D:6)
  A hound (D:6)
  A jelly (D:6)
  3 orc priests
  An iguana (D:6)
  5 orc wizards (D:6)
  A worker ant (D:6)
  3 gnolls (D:6)
  7 adders
  A howler monkey skeleton (D:4)
  A worm (D:2)
  A dart slug (D:3)
  A leopard gecko (D:1)
  15 orcs
  9 bats
  2 giant cockroaches
  8 goblins
  7 hobgoblins
  7 jackals
  7 kobolds
  A quokka (D:6)
  2 ball pythons
  2 frilled lizards
  A quokka skeleton (D:6)
  9 rats
101 creatures vanquished.

Notes
Turn   | Place    | Note
-------+----------+-------------------------------------------
     0 | D:1      | inmateoo the Minotaur Fighter began the quest for the Orb.
     0 | D:1      | Reached XP level 1. HP: 19/19 MP: 0/0
   150 | D:1      | Reached XP level 2. HP: 21/27 MP: 1/1
   259 | D:1      | Reached skill level 3 in Polearms
   397 | D:1      | Found an iron altar of Okawaru.
   503 | D:1      | Became a worshipper of Warmaster Okawaru
   628 | D:1      | Reached XP level 3. HP: 33/33 MP: 2/2
  1069 | D:2      | Noticed a centaur
  1218 | D:2      | Killed a centaur
  1218 | D:2      | Reached skill level 4 in Polearms
  1218 | D:2      | Reached XP level 4. HP: 10/41 MP: 3/3
  1917 | D:2      | Found an ancient bone altar of Kikubaaqudgha.
  1984 | D:3      | Noticed a phantom
  2000 | D:3      | Killed a phantom
  2000 | D:3      | Reached * piety under Okawaru
  2000 | D:3      | Reached skill level 1 in Dodging
  2000 | D:3      | Reached XP level 5. HP: 35/47 MP: 4/4
  2219 | D:3      | Noticed a centaur
  2251 | D:3      | Killed a centaur
  2251 | D:3      | Reached skill level 5 in Polearms
  2251 | D:3      | Reached XP level 6. HP: 46/55 MP: 5/5
  2485 | D:3      | Reached skill level 5 in Fighting
  2760 | D:3      | Reached skill level 5 in Shields
  2957 | D:4      | Found a bloodstained altar of Trog.
  2990 | D:4      | Reached skill level 5 in Armour
  3023 | D:4      | You fall into a shaft and drop 2 floors!
  3138 | D:6      | Reached ** piety under Okawaru
  3154 | D:6      | Reached XP level 7. HP: 18/61 MP: 6/6
  3398 | D:6      | Reached skill level 6 in Polearms
  3459 | D:6      | Slain by a wyvern skeleton

Illustrated notes

Levels and vault maps discovered:
D:1:      dpeg_arrival_long_road, layout_basic, okawaru_ov_weapons_minmay
D:2:      layout_basic, marbit_many_paths
D:3:      layout_rooms
D:4:      layout_loops_ring, first_ration, bloody_trog
D:6:      layout_basic, grunt_temple_overflow_lords_of_destruction,
          serial_shops, nicolae_shop_behind_doors, serial_park_tiny_2,
          guppyfry_shop_venom

Skill      XL: |  1  2  3  4  5  6  7 |
---------------+----------------------+-----
Polearms       | 3 4 5 6 |  6.7
Shields        | 4 5 |  5.7
Fighting       | 4 5 |  5.8
Armour         | 4 5 |  5.6
Dodging        | 1 2 3 |  3.0

Action                   |  1- 3 |  4- 6 |  7- 9 || total
-------------------------+-------+-------+-------++-------
Melee: Trident           |    77 |   150 |    75 ||   302
       Headbutt          |     3 |    27 |    11 ||    41
       Spear             |    14 |    23 |       ||    37
Throw: Boomerang         |    10 |       |       ||    10
  Use: Scroll            |     3 |     4 |       ||     7
       Potion            |       |       |     1 ||     1
  Eat: Ration            |       |     1 |       ||     1
       Chunk             |       |     4 |     1 ||     5
Armor: Scale mail        |    38 |       |       ||    38
       Plate armour      |       |    79 |    27 ||   106
Dodge: Dodged            |    28 |    26 |    13 ||    67
Block: Kite shield       |    46 |    80 |    25 ||   151
